 Dungeon Crawl Stone Soup version 0.20.1-1-g8b1a95d (webtiles) character file.

66547 polve the Grappler (level 14, -2/149 HPs)
             Began as a Troll Fighter on Aug 12, 2017.
             Was a High Priest of Cheibriados.
             Slain by a white ugly thing (17 damage)
             ... on level 14 of the Dungeon.
             The game lasted 00:25:33 (17094 turns).

polve the Grappler (Troll Fighter)                 Turns: 17094, Time: 00:25:34

Health: -2/149     AC: -1    Str: 39    XL:     14   Next: 79%
Magic:  18/18      EV: 20    Int: 16    God:    Cheibriados [*****.]
Gold:   1386       SH: 14    Dex: 25    Spells: 6/13 levels left

rFire    . . .     SeeInvis .     - Unarmed
rCold    + . .     Gourm    +   f - +0 shield
rNeg     . . .     Faith    .   r - +2 ice dragon scales
rPois    .         Spirit   .   (helmet restricted)
rElec    .         Reflect  .   B - +0 cloak
rCorr    .         Harm     .   (gloves unavailable)
MR       +....                  (boots unavailable)
Stlth    +.........             J - amulet of regeneration
Regen    1.2/turn               x - +4 ring of evasion
MPRegen  0.2/turn               v - ring of fire

@: corroded, very slow
A: unfitting armour, claws 3, hooves 1, camouflage 1, fast metabolism 3,
gourmand, high mp 1, regeneration 1, shaggy fur 1, tough skin 2, MP-powered
wands
a: Bend Time, Temporal Distortion, Slouch, Step From Time, Renounce Religion


You were on level 14 of the Dungeon.
You worshipped Cheibriados.
Cheibriados was extremely pleased with you.
You were not hungry.

You visited 3 branches of the dungeon, and saw 21 of its levels.
You also visited: Ice Cave.

You collected 1386 gold pieces.

Inventory:

Hand Weapons
 b - a +2 war axe of flaming
Missiles
 K - 9 large rocks (quivered)
Armour
 f - a +0 shield (worn)
 r - +2 ice dragon scales (worn)
 B - a +0 cloak (worn)
Jewellery
 v - a ring of fire (right claw)
 x - a +4 ring of evasion (left claw)
 J - an amulet of regeneration (around neck)
 M - an uncursed ring of resist corrosion
Wands
 s - a wand of scattershot (6/9)
Scrolls
 a - 2 scrolls of immolation
 j - 8 scrolls of enchant armour
 l - a scroll of summoning {unknown}
 n - 3 scrolls of enchant weapon
 u - 3 scrolls of remove curse
 w - 7 scrolls of teleportation
 y - a scroll of magic mapping
 A - 2 scrolls of fog
 D - a scroll of blinking {unknown}
 E - 2 scrolls of amnesia
 F - a scroll of acquirement {unknown}
 G - 3 scrolls of fear
 H - a scroll of vulnerability {unknown}
 N - a scroll of random uselessness {unknown}
Potions
 c - 2 potions of might
 e - 3 potions of haste
 h - a potion of mutation {unknown}
 i - a potion of berserk rage {unknown}
 k - 4 potions of agility
 m - 6 potions of heal wounds
 o - 11 potions of curing
 p - a potion of magic {unknown}
 q - 4 potions of flight {unknown}
 z - 4 potions of brilliance {unknown}
 C - 8 potions of lignification {unknown}
 P - a potion of invisibility {unknown}
Books
 O - a book of Air

   Spells                             Type                      Level
   a - Shock                          Conjuration/Air              1
   b - Swiftness                      Charms/Air                   2
   c - Static Discharge               Conjuration/Air              3
   d - Airstrike                      Air                          4
   e - Lightning Bolt                 Conjuration/Air              5
Comestibles
 d - 16 bread rations
 g - 13 meat rations
 I - 8 royal jellies
 L - 12 fruits


   Skills:
 - Level 12.1 Fighting
 - Level 8.4 Armour
 - Level 9.0 Dodging
 - Level 9.0 Shields
 + Level 13.1 Unarmed Combat
 + Level 5.5 Invocations


You had 6 spell levels left.
You knew the following spells:

 Your Spells              Type           Power        Failure   Level  Hunger
a - Apportation           Tloc           #.....       41%         1    ##.....
b - Inner Flame           Hex/Fire       #.......     80%         3    ####...
c - Portal Projectile     Hex/Tloc       #.....       80%         3    ####...


Dungeon Overview and Level Annotations

Branches:
Dungeon (14/15)            Temple (1/1) D:5            Lair (6/6) D:9
  Swamp (0/4) Lair:2       Spider (0/4) Lair:2        Slime (0/5) Lair:6
    Orc (0/2) D:12         Vaults (0/5) D:13

Altars:
Ashenzari
Cheibriados
Dithmenos
Elyvilon
Fedhas
Gozag
Hepliaklqana
Kikubaaqudgha
Makhleb
Nemelex Xobeh
Okawaru
Qazlal
Ru
Sif Muna
Trog
Uskayaw
Vehumet
Xom
Yredelemnul
Zin
The Shining One

Shops:
D:12 ([(

Portals:
Trove: D:13 (give +2 gold dragon scales)

Annotations:
Lair:4 Monsterracer's ghost, journeyman DrWz; Monsterracer's ghost, journeyman MfTm
Lair:6 exclusion: oklob plant


Innate Abilities, Weirdness & Mutations

You are too large for most types of armour.
You have claws for hands.
Your metabolism is lightning-fast.
You like to eat raw meat.
Your natural rate of healing is unusually fast.
You are covered in fur. (AC +1)
You have very tough skin. (AC +2)
You have large cloven feet.
Your skin changes colour to match your surroundings (Stealth+).
You have an increased reservoir of magic. (+10% MP)
You expend magic power (3 MP) to strengthen your wands.


Message History

* * * LOW HITPOINT WARNING * * *
The white ugly thing freezes you! You resist.
* * * LOW HITPOINT WARNING * * *
You scratch the white ugly thing.
You kick the white ugly thing, but do no damage.
The white ugly thing is lightly wounded.
The white ugly thing closely misses you.
You scratch the white ugly thing but do no damage.
Your kick misses the white ugly thing.
The white ugly thing is lightly wounded.
You claw the white ugly thing! Your kick misses the white ugly thing.
The white ugly thing is moderately wounded.
The white ugly thing closely misses you.
You scratch the white ugly thing.
You kick the white ugly thing, but do no damage.
The white ugly thing is moderately wounded.
The white ugly thing trunk-slaps you!
* * * LOW HITPOINT WARNING * * *
The white ugly thing freezes you! You resist.
You die...

#..................
#.#.......#......##
#.##......#.....##.
#..##.....#....##..
###############...##..))#...##...
......)............##...#..##....
....†........##.....##..#.##.....
....###/......##.....######......
....# #........#@.....'...#......
....###........u#######._.#######
......................#...#......
.......§.....5........######.....
.....................##.#..##....
....................##..# ..##...
.....[..(..........## ..# ...##..
.......)(.###.....## ..# ...##.
.........## ##...## ...# )...##


You could see a white ugly thing and a crimson imp.

Vanquished Creatures
  Rupert (D:12)
  5 hydras
  A vault guard (D:13)
  4 centaur warriors
  A catoblepas (Lair:3)
  2 dancing weapons (D:13)
  3 two-headed ogres
  Urug (Lair:2)
  The ghost of Mesmaeker13 the Charmwright, a novice DgSk (D:8)
  Pikel (D:4)
  An orc knight (D:14)
  A deep elf mage (D:14)
  8 ugly things
  2 cyclopes (D:13)
  9 elephants
  3 manticores (D:12)
  A centaur zombie (D:12)
  5 black mambas
  2 ice statues (IceCv)
  A gargoyle (D:11)
  2 molten gargoyles (Lair:6)
  3 torpor snails
  4 rime drakes
  The ghost of dscm the Shield-Bearer, a novice OpFi of Cheibriados (D:5)
  12 komodo dragons
  A kobold demonologist (D:13)
  9 spiny frogs
  12 ice devils (IceCv)
  6 polar bears
  A merfolk (D:13)
  3 meliai
  2 hornets
  Grinder (D:4)
  6 slime creatures (D:13)
  17 blink frogs
  9 hippogriffs
  A meliai zombie (D:14)
  Sigmund (D:3)
  A redback (Lair:2)
  2 wyverns
  25 yaks
  A spriggan (D:13)
  3 wraiths
  4 basilisks
  3 hungry ghosts
  A steam dragon (D:14)
  4 swamp worms (Lair:2)
  2 acid dragons (D:13)
  15 water moccasins
  8 porcupines
  6 orc warriors
  2 black bears
  A hell hound (Lair:6)
  12 ice beasts
  4 sky beasts
  A slave (D:4)
  4 phantoms
  A necrophage (D:12)
  7 ogres
  An eye of draining (D:13)
  25 centaurs
  15 crocodiles
  A big kobold (D:12)
  21 bullfrogs
  A water moccasin zombie (D:7)
  2 scorpions
  8 wights
  3 electric eels (Lair:2)
  2 howler monkeys
  5 crimson imps
  2 bullfrog zombies
  2 quasits
  4 jellies
  12 orc wizards
  5 orc priests
  Crazy Yiuf (D:5)
  3 centaur skeletons
  8 hounds
  2 bullfrog skeletons
  4 iguanas
  6 worker ants
  A mummy (D:6)
  3 worker ant zombies
  Robin (D:4)
  A howler monkey skeleton (D:10)
  11 adders
  3 gnolls (D:7)
  3 shadow imps
  8 white imps (IceCv)
  6 ufetubi (IceCv)
  5 worms
  4 dart slugs
  6 leopard geckos
  70 orcs
  3 giant cockroaches
  14 goblins
  10 hobgoblins
  15 jackals
  12 kobolds
  5 quokkas
  A ball python (D:2)
  7 bats
  A frilled lizard (D:2)
  4 hobgoblin zombies (D:6)
  2 quokka zombies
  6 rats
586 creatures vanquished.

Vanquished Creatures (others)
  A reaper (IceCv)
  2 white imps (IceCv)
  3 ufetubi (IceCv)
  An orc (D:14)
  11 fungi
  5 plants
23 creatures vanquished.

Grand Total: 609 creatures vanquished

Notes
Turn   | Place    | Note
-------+----------+-------------------------------------------
     0 | D:1      | polve the Troll Fighter began the quest for the Orb.
     0 | D:1      | Reached XP level 1. HP: 22/22 MP: 0/0
   319 | D:1      | Reached XP level 2. HP: 29/29 MP: 1/1
   557 | D:1      | Reached skill level 3 in Unarmed Combat
  1256 | D:2      | Reached XP level 3. HP: 36/36 MP: 2/2
  1477 | D:2      | Reached skill level 4 in Unarmed Combat
  1584 | D:2      | Reached XP level 4. HP: 44/44 MP: 3/3
  1864 | D:3      | Noticed Sigmund
  1878 | D:3      | Killed Sigmund
  1878 | D:3      | Reached skill level 6 in Unarmed Combat
  1878 | D:3      | Reached XP level 5. HP: 30/50 MP: 4/4
  2074 | D:3      | Found a blossoming altar of Fedhas.
  2161 | D:3      | Reached XP level 6. HP: 59/59 MP: 5/5
  2485 | D:4      | Got a heavily jewelled robe
  2496 | D:4      | Identified the +0 robe of Senekuo {Int+2 Dex+2} (You found it on level 4 of the Dungeon)
  2617 | D:4      | Reached skill level 7 in Unarmed Combat
  2617 | D:4      | Reached XP level 7. HP: 67/67 MP: 6/6
  2708 | D:4      | Noticed Grinder
  2724 | D:4      | Killed Grinder
  2765 | D:4      | Noticed Robin
  2803 | D:4      | Killed Robin
  2903 | D:4      | Noticed Pikel
  2925 | D:4      | Killed Pikel
  2925 | D:4      | Reached skill level 5 in Fighting
  2925 | D:4      | Reached skill level 8 in Unarmed Combat
  2925 | D:4      | Reached XP level 8. HP: 54/80 MP: 7/7
  3046 | D:5      | Entered Level 5 of the Dungeon
  3046 | D:5      | Noticed dscm's ghost (novice OpFi)
  3059 | D:5      | Killed dscm's ghost
  3059 | D:5      | Reached skill level 9 in Unarmed Combat
  3284 | D:5      | Found a hide-covered altar of Uskayaw.
  3444 | D:5      | Found a staircase to the Ecumenical Temple.
  3452 | Temple   | Entered the Ecumenical Temple
  3741 | D:5      | Found a runed door.
  3795 | D:5      | Found a shattered altar of Ashenzari.
  3929 | D:5      | Noticed Crazy Yiuf
  3934 | D:5      | Killed Crazy Yiuf
  4557 | D:6      | Learned a level 1 spell: Apportation
  4611 | D:7      | Reached XP level 9. HP: 89/92 MP: 8/8
  4701 | D:7      | Found a snail-covered altar of Cheibriados.
  4702 | D:7      | Found a stormy altar of Qazlal.
  4895 | D:7      | Found a burning altar of Makhleb.
  5277 | D:8      | Reached skill level 10 in Unarmed Combat
  5469 | D:8      | Gained mutation: You have an increased reservoir of magic. (+10% MP) [mutagenic meat]
  5470 | D:8      | Gained mutation: You expend magic power (3 MP) to strengthen your wands. [mutagenic meat]
  5471 | D:8      | Gained mutation: Your skin changes colour to match your surroundings (Stealth+). [mutagenic meat]
  5472 | D:8      | Gained mutation: You have large cloven feet. [mutagenic meat]
  5491 | D:8      | Noticed Mesmaeker13's ghost (novice DgSk)
  5505 | D:8      | Killed Mesmaeker13's ghost
  5641 | D:8      | Noticed a two-headed ogre
  5653 | D:8      | Killed a two-headed ogre
  5653 | D:8      | Reached skill level 11 in Unarmed Combat
  5653 | D:8      | Reached XP level 10. HP: 36/105 MP: 10/10
  6100 | D:9      | Found a staircase to the Lair.
  6298 | D:9      | HP: 2/106 [yak (13)]
  6488 | D:9      | Found a hazy altar of Hepliaklqana.
  6488 | D:9      | Found an iron altar of Okawaru.
  6548 | D:9      | Reached skill level 1 in Armour
  7228 | D:10     | Entered Level 10 of the Dungeon
  7403 | D:10     | Noticed a two-headed ogre
  7416 | D:10     | Killed a two-headed ogre
  7416 | D:10     | Reached XP level 11. HP: 80/115 MP: 11/11
  7691 | D:10     | Reached skill level 5 in Shields
  8200 | Lair:1   | Entered Level 1 of the Lair of Beasts
  8355 | Lair:1   | Noticed a five-headed hydra
  8364 | Lair:1   | Killed a six-headed hydra
  8364 | Lair:1   | Reached skill level 5 in Armour
  8641 | Lair:1   | Found a snail-covered altar of Cheibriados.
  8970 | Lair:2   | Noticed Urug
  8986 | Lair:2   | Killed Urug
  9106 | Lair:2   | Found a hole to the Spider Nest.
  9823 | Lair:2   | Reached XP level 12. HP: 109/123 MP: 12/12
 10056 | Lair:2   | Found a staircase to the Swamp.
 10250 | Lair:3   | Noticed a catoblepas
 10258 | Lair:3   | Killed a catoblepas
 10520 | Lair:3   | Noticed a six-headed hydra
 10524 | Lair:3   | Killed a six-headed hydra
 11043 | Lair:4   | Noticed Monsterracer's ghost (journeyman MfTm)
 11045 | Lair:4   | Noticed Monsterracer's ghost (journeyman DrWz)
 11061 | Lair:4   | Noticed a five-headed hydra
 11097 | Lair:3   | Killed a seven-headed hydra
 12086 | Lair:5   | Learned a level 3 spell: Inner Flame
 12090 | Lair:5   | Learned a level 3 spell: Portal Projectile
 12164 | Lair:6   | Entered Level 6 of the Lair of Beasts
 12180 | Lair:6   | Reached XP level 13. HP: 133/133 MP: 13/13
 12198 | Lair:6   | Reached skill level 10 in Fighting
 12198 | Lair:6   | Reached skill level 5 in Dodging
 12336 | Lair:6   | Found a frozen archway.
 12366 | IceCv    | Entered an ice cave
 12583 | IceCv    | Killed a reaper
 13235 | Lair:6   | Found a staircase to the Slime Pits.
 13721 | Lair:1   | Became a worshipper of Cheibriados the Contemplative
 14060 | D:11     | Reached * piety under Cheibriados
 14501 | D:12     | Noticed Rupert
 14529 | D:12     | Killed Rupert
 14529 | D:12     | Reached XP level 14. HP: 27/148 MP: 14/14
 14702 | D:12     | Reached ** piety under Cheibriados
 14969 | D:12     | Found Efuadeiq's Weapon Shop.
 15014 | D:12     | Found Onan's Armour Shoppe.
 15017 | D:12     | Found a staircase to the Orcish Mines.
 15018 | D:12     | Found Run Ygiw's Weapon Shoppe.
 15155 | D:12     | Reached *** piety under Cheibriados
 15543 | D:13     | Found a snail-covered altar of Cheibriados.
 15612 | D:13     | Reached skill level 1 in Invocations
 15629 | D:13     | Reached skill level 12 in Unarmed Combat
 15914 | D:13     | Found a portal to a secret trove of treasure.
 16076 | D:13     | Reached **** piety under Cheibriados
 16322 | D:13     | Found a gate to the Vaults.
 16807 | D:14     | Reached ***** piety under Cheibriados
 17010 | D:14     | Found a shattered altar of Ashenzari.
 17032 | D:14     | Reached skill level 13 in Unarmed Combat
 17032 | D:14     | Reached skill level 5 in Invocations
 17094 | D:14     | Slain by a white ugly thing

Skill      XL: |  1  2  3  4  5  6  7  8  9 10 11 12 13 14 |
---------------+-------------------------------------------+-----
Unarmed Combat | 3 4 6 7 8 9 11 13 | 13.1
Fighting       | 3 5 6 8 9 11 12 | 12.1
Armour         | 3 7 8 |  8.4
Shields        | 4 7 9 |  9.0
Dodging        | 4 8 9 |  9.0
Invocations    | 5 |  5.5

Action                   |  1- 3 |  4- 6 |  7- 9 | 10-12 | 13-15 || total
-------------------------+-------+-------+-------+-------+-------++-------
Melee: Unarmed           |    72 |   140 |   217 |   614 |   840 ||  1883
       Kick              |       |       |    13 |   196 |   372 ||   581
Evoke: Wand              |       |       |       |     4 |     1 ||     5
  Use: Scroll            |       |       |     6 |    12 |     2 ||    20
       Potion            |       |       |     2 |     1 |       ||     3
 Stab: Sleeping          |     1 |       |     2 |       |       ||     3
  Eat: Chunk             |    20 |    10 |    32 |    57 |    48 ||   167
       Fruit             |       |       |     4 |       |       ||     4
Armor: Robe              |    20 |    25 |    51 |     5 |       ||   101
       Ice dragon scales |       |       |       |   179 |   245 ||   424
Dodge: Dodged            |    30 |    34 |    67 |   168 |   505 ||   804
Block: Shield            |    33 |    52 |    78 |   261 |   543 ||   967
